 Dungeon Crawl Stone Soup version 0.20-a0-455-gc3b7d50 (webtiles) character file.

19457 Queen the Bludgeoner (level 12, -22/90 HPs)
             Began as a Minotaur Berserker on Jan 10, 2017.
             Was a High Priest of Trog.
             Annihilated by an ettin skeleton (27 damage)
             ... on level 2 of the Abyss.
             The game lasted 01:07:14 (12434 turns).

Queen the Bludgeoner (Minotaur Berserker)          Turns: 12434, Time: 01:07:15

Health: -22/90     AC:  5    Str: 23    XL:     12   Next: 36%
Magic:  6/6        EV:  8    Int:  4    God:    Trog [*****.]
Gold:   679        SH:  0    Dex: 14    Spells: 11/11 levels left

rFire  . . .     SeeInvis +     K - +2 great mace (antimagic)
rCold  . . .     Gourm    .     i - +2 plate armour {MR+}
rNeg   . . .     Faith    .     (shield currently unavailable)
rPois  .         Spirit   .     (helmet restricted)
rElec  .         Reflect  .     t - +2 cloak
rCorr  .         Harm     .     e - +0 pair of gloves
MR     +++..                    y - +0 pair of boots
Stlth  ..........               (no amulet)
                                z - ring of magical power
                                g - ring of see invisible

@: about to teleport, corroded, very slightly contaminated, regenerating
A: retaliatory headbutt, horns 2
a: Berserk, Trog's Hand, Brothers in Arms, Burn Spellbooks, Renounce Religion


You were on level 2 of the Abyss.
You worshipped Trog.
Trog was extremely pleased with you.
You were very hungry.

You visited 1 branch of the dungeon, and saw 13 of its levels.
You visited the Abyss 1 time.
You also visited: Sewer.

You collected 679 gold pieces.

Inventory:

Hand Weapons
 K - a +2 antimagic great mace (weapon)
 N - a +1 antimagic dire flail
Missiles
 J - 6 tomahawks (quivered)
Armour
 e - a +0 pair of gloves (worn)
 i - a +2 plate armour of magic resistance (worn)
 t - a +2 cloak (worn)
 y - a +0 pair of boots (worn)
Jewellery
 g - a ring of see invisible (left hand)
 z - a ring of magical power (right hand)
Wands
 h - a wand of random effects (27/48)
 p - a wand of polymorph (6/24)
 q - a wand of confusion (43/48)
 A - a wand of disintegration (6/24)
 D - a wand of flame (27/48)
 G - a wand of iceblast (5/15)
 I - a wand of clouds (6/9)
 M - a wand of paralysis (4/24)
Scrolls
 a - a scroll of holy word {unknown}
 r - 5 scrolls of remove curse
 v - a scroll of teleportation
 B - 2 scrolls of fear
 C - 4 scrolls of fog
 E - a scroll of enchant armour
 F - a scroll of recharging
 O - a scroll of blinking
 Q - 2 scrolls of brand weapon {unknown}
Potions
 d - 3 potions of might
 j - a potion of agility
 k - 2 potions of flight
 m - a potion of berserk rage
 n - a potion of brilliance
 o - 3 potions of resistance
 u - a potion of heal wounds
 w - a potion of invisibility {unknown}
 R - a potion of cure mutation
Books
 x - a book of Frost

   Spells                             Type                      Level
   a - Freeze                         Ice                          1
   b - Throw Frost                    Conjuration/Ice              2
   c - Ozocubu's Armour               Charms/Ice                   3
   d - Throw Icicle                   Conjuration/Ice              4
   e - Summon Ice Beast               Ice/Summoning                4
   Trog disapproves of the use of such an item.
Comestibles
 c - 7 bread rations
 f - 3 beef jerkies
 l - 16 fruits
 H - 6 meat rations
 L - 7 slices of pizza
 P - 4 chunks of flesh


   Skills:
 - Level 3.6 Fighting
 + Level 17.9 Maces & Flails
 - Level 15.0 Armour
 - Level 2.1 Dodging


You had 11 spell levels left.
You didn't know any spells.

Dungeon Overview and Level Annotations

Branches:
Dungeon (13/15)            Temple (0/1) D:4            Lair (0/6) D:11
    Orc (0/2) D:9
 Vaults: D:13-14

Altars:
Ashenzari
Dithmenos
Gozag
Okawaru
Qazlal
Ru
Sif Muna
Trog
Vehumet
Yredelemnul

Annotations:
D:13 Sonja


Innate Abilities, Weirdness & Mutations

You reflexively headbutt those who attack you in melee.
You have a pair of horns on your head.


Message History

You are feeling very hungry.
The warg disappears in a puff of smoke!
The orc priest disappears in a puff of smoke!
The orange demon stings you from afar. The ettin skeleton hits you!!
* * * LOW HITPOINT WARNING * * *
The ettin skeleton barely misses you.
The worldbinder hits you but does no damage.
The worldbinder hits you.
* * * LOW HITPOINT WARNING * * *
The rust devil hits you.
* * * LOW HITPOINT WARNING * * *
The rust devil corrodes you!
You feel much better.
You feel a little less mighty now. The orange demon stings you from afar.
The worldbinder hits you.
* * * LOW HITPOINT WARNING * * *
The worldbinder misses you. The ettin skeleton hits you!!
* * * LOW HITPOINT WARNING * * *
The ettin skeleton hits you!!
You die...

#....# ... #
#....# #....# # #
#######....# #. #
# ......#....##.#.
.#. #
......'.......#
...#.... #hh..#
#....#..§ #xo..#
#....'o.. #@44.##
#. ..# '#
##Z..............#
#.......... ....#
#.............. #
........$..... #
#.......... ...#
#....##########..
#....# .§ # . # ..


You could see an orange demon, a rust devil, a worldbinder, 2 wargs, an orc
priest and an ettin skeleton.

Vanquished Creatures
  A hydra (D:10)
  Erica (D:9)
  4 two-headed ogres
  A death yak (D:10)
  Pikel (D:8)
  The ghost of haldagan the Protected, a novice DDFi of Gozag (D:6)
  An ugly thing (D:11)
  2 komodo dragons
  6 trolls
  A hornet (D:9)
  3 polar bears (D:10)
  7 slime creatures
  4 hippogriffs
  2 dream sheep (D:10)
  2 yaks (D:10)
  4 hungry ghosts
  Menkaure (D:5)
  4 vampire mosquitoes (D:12)
  3 porcupines (D:11)
  Duvessa (D:5)
  An eye of draining (D:9)
  2 phantoms
  2 orc warriors (D:9)
  5 ice beasts
  6 black bears
  3 necrophages (D:9)
  An ogre (D:6)
  A wolf (D:11)
  12 centaurs
  3 crocodiles (D:11)
  An elf zombie (D:9)
  10 big kobolds
  A gnoll sergeant (D:5)
  2 bullfrogs
  A wyvern zombie (D:8)
  Dowan (D:5)
  A wyvern skeleton (D:8)
  8 killer bees
  4 scorpions
  A water moccasin skeleton (D:8)
  12 wights
  A bullfrog zombie (D:5)
  A howler monkey (D:4)
  2 centaur zombies (D:7)
  A crimson imp (D:9)
  A centaur skeleton (D:6)
  8 hounds
  A quasit (D:12)
  Crazy Yiuf (D:4)
  A bullfrog skeleton (D:5)
  4 orc priests
  5 human zombies (D:9)
  2 jellies
  7 orc wizards
  2 iguanas
  A human skeleton (D:9)
  5 worker ants
  The ghost of M4edhros the Grave Robber, a weakling OpNe (D:3)
  2 mummies (D:9)
  2 howler monkey skeletons
  9 gnolls
  19 adders
  A river rat (D:6)
  A shadow imp (D:12)
  2 white imps (D:10)
  An ufetubus (D:10)
  An ooze (Sewer)
  3 worms
  3 dart slugs
  9 leopard geckos
  38 orcs
  7 ball pythons
  4 giant cockroaches
  9 goblins
  10 hobgoblins
  10 jackals
  36 kobolds
  4 quokkas
  6 bats
  A frilled lizard (D:1)
  2 leopard gecko zombies (D:6)
  An orc zombie (D:9)
  A quokka zombie (D:8)
  11 rats
365 creatures vanquished.

Notes
Turn   | Place    | Note
-------+----------+-------------------------------------------
     0 | D:1      | Queen the Minotaur Berserker began the quest for the Orb.
     0 | D:1      | Reached XP level 1. HP: 19/19 MP: 0/0
    79 | D:1      | Reached skill level 4 in Maces & Flails
   124 | D:1      | Reached XP level 2. HP: 15/26 MP: 1/1
   740 | D:1      | Reached skill level 5 in Maces & Flails
   784 | D:2      | Found a deep blue altar of Sif Muna.
   809 | D:2      | Reached ** piety under Trog
   810 | D:2      | Reached XP level 3. HP: 15/31 MP: 2/2
  1398 | D:2      | Reached skill level 6 in Maces & Flails
  1398 | D:2      | Reached XP level 4. HP: 32/39 MP: 3/3
  2213 | D:3      | Noticed M4edhros's ghost (weakling OpNe)
  2355 | D:3      | Killed M4edhros's ghost
  2398 | D:3      | Found an iron altar of Okawaru.
  2404 | D:3      | Reached skill level 7 in Maces & Flails
  2404 | D:3      | Reached XP level 5. HP: 42/45 MP: 4/4
  2438 | D:3      | Found a faded altar of an unknown god.
  2474 | D:3      | Found a radiant altar of Vehumet.
  2970 | D:4      | Found a staircase to the Ecumenical Temple.
  3055 | D:4      | Reached skill level 8 in Maces & Flails
  3074 | D:4      | Reached *** piety under Trog
  3149 | D:4      | Reached XP level 6. HP: 51/51 MP: 5/5
  3296 | D:4      | Found a runed door.
  3390 | D:4      | Reached skill level 9 in Maces & Flails
  3427 | D:4      | Found Onuat's Armour Emporium.
  3538 | D:4      | Noticed Crazy Yiuf
  3546 | D:4      | Killed Crazy Yiuf
  3696 | D:5      | Entered Level 5 of the Dungeon
  3738 | D:5      | Noticed Menkaure
  3750 | D:5      | Killed Menkaure
  3750 | D:5      | Reached XP level 7. HP: 17/57 MP: 6/6
  3998 | D:5      | Reached skill level 10 in Maces & Flails
  4251 | D:5      | Reached skill level 11 in Maces & Flails
  4585 | D:5      | Noticed Dowan
  4586 | D:5      | Noticed Duvessa
  4607 | D:5      | Killed Duvessa
  4607 | D:5      | Reached XP level 8. HP: 57/64 MP: 7/7
  4624 | D:5      | Killed Dowan
  4726 | D:6      | Reached skill level 12 in Maces & Flails
  4778 | D:6      | Reached **** piety under Trog
  4789 | D:6      | Noticed haldagan's ghost (novice DDFi)
  4857 | D:6      | Killed haldagan's ghost
  4857 | D:6      | Reached skill level 13 in Maces & Flails
  4931 | D:6      | Found a glowing drain.
  4954 | Sewer    | Entered a sewer
  5212 | Sewer    | Reached XP level 9. HP: 70/70 MP: 8/8
  5403 | D:6      | Reached skill level 5 in Armour
  6337 | D:7      | Found a bloodstained altar of Trog.
  6528 | D:8      | Noticed a two-headed ogre
  6565 | D:8      | Killed a two-headed ogre
  6593 | D:8      | Found an opulent altar of Gozag.
  6623 | D:8      | Reached skill level 10 in Armour
  6897 | D:8      | Reached XP level 10. HP: 65/77 MP: 9/9
  6953 | D:8      | Reached ***** piety under Trog
  7407 | D:8      | Noticed Pikel
  7435 | D:8      | Killed Pikel
  7476 | D:8      | Found a stormy altar of Qazlal.
  7626 | D:9      | Noticed Erica
  7655 | D:9      | Killed Erica
  7798 | D:9      | Found a basalt altar of Yredelemnul.
  8029 | D:9      | Found a staircase to the Orcish Mines.
  8092 | D:9      | Received a gift from Trog
  8148 | D:9      | Found a shattered altar of Ashenzari.
  8235 | D:9      | Found a sacrificial altar of Ru.
  8240 | D:9      | Found a shadowy altar of Dithmenos.
  8427 | D:9      | Reached XP level 11. HP: 81/81 MP: 6/10
  8913 | D:10     | Entered Level 10 of the Dungeon
  8942 | D:10     | Noticed a two-headed ogre
  8948 | D:10     | Killed a two-headed ogre
  8948 | D:10     | Reached skill level 15 in Armour
  9110 | D:10     | Reached skill level 14 in Maces & Flails
  9342 | D:10     | Noticed a two-headed hydra
  9350 | D:10     | Killed a two-headed hydra
  9524 | D:10     | Noticed a death yak
  9528 | D:10     | Killed a death yak
  9528 | D:10     | Reached skill level 15 in Maces & Flails
  9713 | D:11     | Gained mutation: Your flesh is cold resistant. (rC+) [potion of mutation]
  9713 | D:11     | Lost mutation: Your flesh is cold resistant. (rC+) [potion of mutation]
  9713 | D:11     | Gained mutation: Armour fits poorly on your strangely shaped body. [potion of mutation]
  9714 | D:11     | Lost mutation: Armour fits poorly on your strangely shaped body. [potion of cure mutation]
  9843 | D:11     | Found a staircase to the Lair.
  9908 | D:11     | Received a gift from Trog
 10082 | D:11     | Noticed a two-headed ogre
 10092 | D:11     | Killed a two-headed ogre
 10092 | D:11     | Reached skill level 16 in Maces & Flails
 10117 | D:11     | Noticed a cyan ugly thing
 10130 | D:11     | Killed a cyan ugly thing
 10811 | D:12     | Reached XP level 12. HP: 71/89 MP: 6/11
 10915 | D:12     | Noticed a two-headed ogre
 10925 | D:12     | Killed a two-headed ogre
 11558 | D:12     | Reached skill level 17 in Maces & Flails
 12349 | D:13     | Noticed Sonja
 12377 | D:13     | Cast into level 2 of the Abyss (Sonja)
 12433 | Abyss:2  | HP: 4/90 [rust devil (1)]
 12434 | Abyss:2  | Annihilated by an ettin skeleton

Vault maps used:
D:1:      lightli_arrival_statue_moat, grunt_decor_cap, roderic_roman_lattice
D:2:      lemuel_doored_altar
D:3:      vehumet_crystals, chequers_ecumenical_altar_simple, okawaru_gym_becter
D:4:      first_bread, serial_shops, shop, uniq_crazy_yiuf_cottage
D:5:      nicolae_zen_rock_garden, uniq_duvessa, uniq_menkaure
D:6:      portal_sewer_entry_a
D:7:      trog_ov_bears_minmay
D:8:      kennysheep_mini_moat, overflow_temple_1_default, uniq_pikel
D:9:      corexii_shack_village, lemuel_mausoleum_altar_yredelemnul,
          old_standard_altar, chequers_temple_overflow_statue_of_worship,
          uniq_erica
D:10:     serial_ice, serial_ice_b, serial_ice_h, serial_ice_d, serial_ice_a,
          hangedman_ranch
D:11:     minmay_lair_entry_grove, minivault_19
D:13:     uniq_sonja, uniq_josephine, uniq_urug, uniq_kirke
Sewer:    sewer_co_15_rooms

Skill      XL: |  1  2  3  4  5  6  7  8  9 10 11 12 |
---------------+-------------------------------------+-----
Maces & Flails | 4 5 6 7 8 9 11 13 16 17 | 17.9
Armour         | 4 10 14 15 | 15.0
Fighting       | |  3.6
Dodging        | |  2.1

Action                   |  1- 3 |  4- 6 |  7- 9 | 10-12 || total
-------------------------+-------+-------+-------+-------++-------
Melee: Mace              |    74 |   132 |    19 |       ||   225
       Headbutt          |     9 |    27 |   114 |   175 ||   325
       Whip              |       |       |   490 |   337 ||   827
       Great mace        |       |       |       |   447 ||   447
Invok: Trog's Hand       |       |     2 |     2 |     6 ||    10
       Berserk           |       |       |       |     2 ||     2
  Use: Scroll            |       |    13 |     8 |     5 ||    26
       Potion            |       |       |     5 |     7 ||    12
  Eat: Chunk             |     2 |     7 |    11 |    35 ||    55
       Meat ration       |       |       |     1 |       ||     1
       Fruit             |       |       |       |     2 ||     2
Armor: Animal skin       |    11 |    18 |       |       ||    29
       Scale mail        |       |    16 |    23 |       ||    39
       Ring mail         |       |     2 |    71 |       ||    73
       Plate armour      |       |       |    60 |   488 ||   548
Dodge: Dodged            |    61 |    72 |   145 |   237 ||   515
